cohdb
Replays
Latest Replays
All Replays
Popular Replays
Top Player Replays
Match Explorer
How It Works
Community
CoH3 Stats
Reddit
Sign in to upload your games and track your stats! →
Sign in with Steam
Match 42974647
Unlisted
Match 42974647
Overview
Messages
Build Orders
End
Pioneer Squad
Construct Infanterie Kompanie
MG 42 Machine Gun Team
Selects Mechanized Battlegroup
Grenadier Squad
GrW 34 Mortar Team
Grenadier Squad
Construct Panzergrenadier Kompanie
Medical Station
Panzergrenadier Squad
Pak 40 Anti-tank Gun Team
251 Medium Carrier
Support Elements
Selects Mobile Repair Stations
Selects Stoßtruppen Assault Package
Selects Raid Package
Nebelwerfer 42 Rocket Launcher Team
Construct Panzer Kompanie
Selects Zeroing Artillery Barrage
Sarpistic
12345+5
0
0
Comments
sign in to comment!
No comments posted yet!